Map: Incorporeal LE

Players

KimChiLoVer - Winner!

  • Race: Terran Terran
  • League: Diamond
  • Spawn Location: 11:00

cosecant

  • Race: Terran Terran
  • League: Diamond
  • Spawn Location: 5:00

VOD

Have the link to the VOD?

Description

Time

  • Played on: Nov. 4, 2025, 8:38 p.m.
  • Length: 8:28
Show
View Real Time Build Order
Export as new Build Order

KimChiLoVer Terran - Winner!

Build Orders:  

Get SALT Encoding   

  12  0:00  SCV  
  13  0:13  SCV  
  14  0:17  Supply Depot  
  14  0:25  SCV  
  15  0:39  SCV  
  15  0:41  Barracks  
  16  0:44  Refinery  
  16  0:51  SCV  
  16  0:54  Refinery  
  17  1:03  SCV  
  18  1:15  SCV  
  19  1:27  Orbital Command  
  19  1:29  Reaper  
  19  1:31  Supply Depot  
  20  1:46  Factory  
  20  1:53  SCV  
  21  2:04  Reaper  
  22  2:15  Command Center  
  22  2:16  SCV  
  23  2:28  SCV  
  24  2:31  Starport  
  24  2:33  Hellion  
  26  2:47  Barracks Reactor  
  26  2:50  SCV  
  27  2:57  Supply Depot  
  27  3:02  SCV  
  28  3:08  Factory Tech Lab  
  28  3:14  SCV  
  28  3:18  Starport Tech Lab  
  29  3:37  Marine, Cyclone  
  29  3:38  Marine  
  29  3:39  Raven  
  29  3:41  Interference Matrix  
  36  3:49  Supply Depot  
  36  3:53  SCV  
  37  3:58  Refinery, Orbital Command  
  38  4:10  SCV  
  38  4:21  Raven  
  40  4:25  SCV  
  41  4:33  Siege Tank  
  41  4:34  Marine x2  
  41  4:37  SCV  
  47  4:40  Refinery  
  47  4:41  SCV  
  48  4:49  SCV  
  49  5:00  Starport  
  49  5:03  SCV  
  49  5:05  Siege Tank  
  53  5:08  Supply Depot  
  53  5:09  Viking  
  53  5:12  Marine  
  56  5:15  SCV  
  56  5:21  SCV  
  58  5:27  Factory  
  58  5:28  SCV  
  58  5:30  Marine  
  58  5:33  SCV  
  58  5:34  Supply Depot  
  61  5:36  Supply Depot  
  61  5:38  Viking x2  
  61  5:39  Viking  
  61  5:40  SCV  
  68  5:45  SCV  
  69  5:52  SCV  
  69  5:56  Siege Tank, Marine  
  74  5:57  SCV  
  75  6:05  SCV  
  75  6:08  Viking  
  75  6:09  SCV  
  75  6:14  Marine  
  75  6:17  SCV  
  64  6:35  Marine  
  64  6:37  Siege Tank x2  
  71  6:51  Viking x3  
  71  6:53  Marine  
  78  7:09  Siege Tank  
  78  7:11  Marine  
  80  7:28  Marine  
  81  7:35  Siege Tank  
  84  7:41  Siege Tank  
  86  7:47  Marine  
  82  8:05  Marine  
Show
View Real Time Build Order
Export as new Build Order

cosecant Terran 

Build Orders: 1/1/1, Mech 

Get SALT Encoding   

  12  0:01  SCV  
  13  0:13  SCV  
  14  0:18  Supply Depot  
  14  0:25  SCV  
  15  0:39  SCV  
  15  0:42  Refinery  
  16  0:44  Barracks  
  16  0:51  SCV  
  17  0:58  Refinery  
  17  1:03  SCV  
  18  1:09  Supply Depot  
  18  1:15  SCV  
  19  1:28  SCV  
  19  1:32  Marine  
  21  1:39  Factory  
  21  1:43  SCV  
  22  1:50  Marine  
  23  1:55  Orbital Command  
  23  2:08  Marine  
  24  2:24  Factory Tech Lab  
  24  2:25  Marine  
  24  2:27  Starport  
  25  2:31  Supply Depot  
  25  2:32  SCV  
  25  2:33  Supply Depot  
  26  2:42  Siege Tank  
  29  2:44  Barracks Reactor  
  29  2:50  SCV  
  30  3:02  SCV  
  31  3:06  Starport Reactor  
  31  3:24  Siege Tank, Marine  
  31  3:26  Marine, Command Center  
  35  3:42  Marine  
  35  3:43  Marine  
  35  3:45  Bunker  
  37  3:51  Viking  
  37  3:52  Viking  
  41  4:02  Marine x2  
  43  4:23  Command Center  
  43  4:33  SCV  
  46  4:39  Liberator  
  46  4:44  Liberator  
  50  4:50  SCV  
  51  4:54  Engineering Bay  
  51  5:04  Orbital Command  
  51  5:07  Refinery  
  51  5:20  Siege Tank  
  50  5:26  Marine x2  
  52  5:28  Viking  
  52  5:31  SCV  
  55  5:44  Marine x2  
  57  5:52  Orbital Command  
  57  5:54  Missile Turret  
  57  5:55  Missile Turret  
  57  6:00  Supply Depot  
  57  6:05  SCV  
  57  6:06  SCV  
  57  6:08  Missile Turret  
  36  6:31  Siege Tank, Marine x2  
  35  6:37  Missile Turret  
  35  6:38  Viking  
  36  6:45  SCV x2  
  36  6:46  SCV  
  39  6:52  Missile Turret  
  39  6:54  Marine x2  
  41  7:06  Factory  
  41  7:07  Factory  
  41  7:12  Marine x2  
  39  7:32  Cyclone  
  42  7:45  Viking x2  
  40  8:04  Factory Tech Lab  
Tags
 
Composition
Mech
Matchup
TvT
Opening
1/1/1
Race
Terran
Spawn Locations
Cross Positions
Add a new tag
Caveats
  • Supply blocks, unpowered buildings, or Contaminate may cause inaccurate times.
  • Supply counts are checked every 10 seconds.